 Dungeon Sprint DCSS version 0.19-a0-1195-ge0bab27 (webtiles) character file.

161 Deeps the Cleaver (level 5, -30/57 HPs)
             Began as a Deep Dwarf Fighter on Aug 20, 2016.
             Killed from afar by a deep elf mage (33 damage)
             ... with a bolt of lightning
             ... in the Dungeon (Sprint III: "The Ten Rune Challenge").
             The game lasted 00:01:02 (125 turns).

Deeps the Cleaver (Deep Dwarf Fighter)               Turns: 125, Time: 00:01:02

Health: -30/57     AC:  6    Str: 20    XL:     5   Next: 19%
Magic:  5/5        EV:  7    Int:  9    God:
Gold:   22         SH:  9    Dex: 12    Spells: 0 memorised, 4 levels left

rFire  . . .     SeeInvis .     a - +0 war axe
rCold  . . .     Gourm    .     b - +0 scale mail
rNeg   . . .     Faith    .     c - +0 shield
rPois  .         Spirit   .     (no helmet)
rElec  .         Dismiss  .     (no cloak)
rCorr  .         Reflect  .     (no gloves)
MR     .....     Harm     .     (no boots)
Stlth  .......... NoTele   +    (no amulet)
                                (no ring)
                                (no ring)

@: non-regenerating
A: damage resistance, recharge devices, sense surroundings 1, slow regeneration
3
a: Device Recharging


You were in the Dungeon.
You were not hungry.

You visited 1 branch You collected 22 gold pieces.

Inventory:

Hand Weapons
 a - a +0 war axe (weapon)
Armour
 b - a +0 scale mail (worn)
 c - a +0 shield (worn)
Wands
 e - a wand of heal wounds (4/9)
Scrolls
 l - a scroll of blinking
 n - a scroll of holy word {unknown}
 o - 2 scrolls of remove curse {unknown}
 p - a scroll of recharging {unknown}
 t - a scroll of immolation {unknown}
 u - 2 scrolls of identify
Potions
 d - 2 potions of mutation {unknown}
 g - a potion of curing
 h - a potion of brilliance {unknown}
 i - 2 potions of haste
 j - 2 potions of magic
 k - a potion of berserk rage
 m - a potion of degeneration {unknown}
 r - 3 potions of cure mutation
 s - a potion of heal wounds
 w - a potion of agility {unknown}
Comestibles
 f - a bread ration
 q - 3 fruits
 v - a royal jelly


   Skills:
 + Level 7.3 Fighting
 + Level 8.4 Axes
 - Level 3.2 Armour
 - Level 3.2 Shields


You had 4 spell levels left.
You didn't know any spells.

Dungeon Overview and Level Annotations

Branches:
Dungeon (1/1)

Altars:
Elyvilon
Zin
The Shining One


Innate Abilities, Weirdness & Mutations

You are resistant to damage.
You can recharge devices by infusing magical energy.
You passively map a small area around you.
You do not regenerate.


Message History

You hit the deep elf mage.
The deep elf mage is severely wounded.
You block the deep elf mage's attack.
Your shield prevents you from hitting the deep elf mage.
The deep elf mage is severely wounded.
The deep elf mage gestures wildly while chanting.
The deep elf mage blinks!
There is a fountain of clear blue water here.
You hit the deep elf mage.
The deep elf mage is severely wounded.
The deep elf mage gestures wildly while chanting.
The deep elf mage blinks!
The deep elf mage points at you and mumbles some strange words.
The bolt of lightning hits you!
* * * LOW HITPOINT WARNING * * *
There is an open door to the Ecumenical Temple, spattered with blood here.
The deep elf mage points at you and mumbles some strange words.
The bolt of lightning hits you!
Ouch! That really hurt!
You die...

▓▓▓▓▓▓▓▓▓▓ ▓▓▓ <.#..'...♣♣♣♣
♣.##### * ..#..#....♣.♣
♣♣.#___# _ _ #'####....♣.♣
♣..#...# , ,
.†...#....≈.♣♣♣♣.###'#+###+#
.....#...≈≈†.♣.♣.#..........
.....#..≈≈≈≈..♣.@§.⌠........
,
####'#..≈≈≈≈≈≈♣♣.#...######+
....†#.≈≈≈≈≈≈....#.⌠.# * , *
...[.#.≈≈≈≈≈..e..#...#_ ,
.....#.≈≈≈.......#+### *
'#####...........# * _
.................#
▓▓▓▓▓▓▓▓▓▓▓▓▓▓▓▓▓▓ ** * *, +
≈ ≈ ≈ ≈ ,, * ≈


You could see a deep elf mage.

Vanquished Creatures
  A water elemental (D)
  A scorpion (D)
  Jessica (D)
  A human (D)
  An ooze (D)
  2 rats (D)
7 creatures vanquished.

Vanquished Creatures (others)
  5 hellions (D)
  A yaktaur (D)
6 creatures vanquished.

Grand Total: 13 creatures vanquished

Notes
Turn   | Place    | Note
-------+----------+-------------------------------------------
     0 | D        | Deeps the Deep Dwarf Fighter began the quest for the Orb.
     0 | D        | Reached XP level 1. HP: 20/20 MP: 1/1
     5 | D        | Reached skill level 3 in Axes
    12 | D        | Noticed Jessica
    16 | D        | Killed Jessica
    16 | D        | Reached skill level 5 in Axes
    16 | D        | Reached XP level 2. HP: 31/31 MP: 2/2
    16 | D        | Reached XP level 3. HP: 38/38 MP: 3/3
    35 | D        | Noticed a scorpion
    40 | D        | Killed a scorpion
    40 | D        | Reached skill level 6 in Axes
    40 | D        | Reached XP level 4. HP: 48/48 MP: 4/4
    69 | D        | Reached skill level 7 in Axes
    77 | D        | Noticed a water elemental
    80 | D        | Killed a water elemental
    80 | D        | Reached skill level 8 in Axes
    80 | D        | Reached XP level 5. HP: 25/57 MP: 5/5
    92 | D        | Killed a hellion
    92 | D        | Killed a hellion
    93 | D        | Found a glowing silver altar of Zin.
    93 | D        | Killed a hellion
    94 | D        | Found a glowing golden altar of the Shining One.
    94 | D        | Found a white marble altar of Elyvilon.
    94 | D        | Noticed a deep elf mage
    94 | D        | Killed a hellion
   108 | D        | Killed a yaktaur
   113 | D        | Killed a hellion
   125 | D        | Killed from afar by a deep elf mage

Vault maps used:
D:        dungeon_sprint_mu

Skill      XL: |  1  2  3  4 |
---------------+-------------+-----
Fighting       | 4 6 7 |  7.3
Axes           | 5 6 8 |  8.4
Armour         | |  3.2
Shields        | |  3.2

Action                   |  1- 3 |  4- 6 || total
-------------------------+-------+-------++-------
Melee: War axe           |     8 |    27 ||    35
Evoke: Wand              |       |     1 ||     1
  Use: Potion            |     2 |       ||     2
Armor: Scale mail        |     4 |     4 ||     8
Dodge: Dodged            |     1 |     4 ||     5
Block: Shield            |     4 |     5 ||     9
